 Dungeon Crawl Stone Soup version 0.22-a0-799-g88f5e90 (webtiles) character file.

415 Amnesiac the Magician (level 6, 0/41 HPs)
             Began as a Mummy Earth Elementalist on July 21, 2018.
             Was a Believer of Vehumet.
             Slain by an ogre
             ... wielding a +0 giant club
              (19 damage)
             ... on level 5 of the Dungeon.
             The game lasted 00:07:58 (4298 turns).

Amnesiac the Magician (Mummy Earth Elementalist)    Turns: 4298, Time: 00:07:58

Health: 0/41       AC:  9    Str: 11    XL:     6   Next: 60%
Magic:  12/14      EV: 12    Int: 20    God:    Vehumet [**....]
Gold:   121        SH:  4    Dex: 12    Spells: 0/15 levels left

rFire    x . .     SeeInvis .   g - +1 spear
rCold    + . .     Gourm    .   (no shield)
rNeg     + + +     Faith    .   c - +0 robe
rPois    ∞         Spirit   .   a - +1 helmet {Int+3}
rElec    .         Reflect  +   (no cloak)
rCorr    .         Harm     .   (no gloves)
MR       .....                  b - +0 pair of boots
Stlth    +.........             i - +4 amulet of reflection
HPRegen  0.13/turn              e - ring of attention (curse)
MPRegen  0.14/turn              l - +4 ring of protection

@: no status effects
A: no food or potions, fire vulnerability, cold resistance 1, negative energy
resistance 3, torment resistance, unbreathing
a: Renounce Religion


You were on level 5 of the Dungeon.
You worshipped Vehumet.
Vehumet was pleased with you.
You were not hungry.

You visited 2 branches of the dungeon, and saw 6 of its levels.

You collected 121 gold pieces.

Inventory:

Hand Weapons
 g - a +1 spear (weapon)
 o - a +0 dagger of speed
Missiles
 j - 45 stones (quivered)
Armour
 a - a +1 helmet of intelligence (worn)
 b - a +0 pair of boots (worn)
 c - a +0 robe (worn)
Jewellery
 e - a cursed ring of attention (left hand)
 i - a +4 amulet of reflection (around neck)
 l - a +4 ring of protection (right hand)
 r - an uncursed ring of protection from fire
Wands
 d - a wand of paralysis (16)
 h - a wand of enslavement (12)
 t - a wand of random effects (28)
Scrolls
 f - a scroll of blinking {!r}
 k - 7 scrolls of identify {!r}
 m - a scroll of magic mapping {!r}
 n - a scroll of enchant weapon {!r}
 p - a scroll of teleportation {!r}
 q - a scroll of fear {!r}
 s - a scroll of remove curse {!r}


   Skills:
 - Level 1.5 Dodging
 - Level 1.5 Stealth
 + Level 5.3 Spellcasting
 - Level 0.7 Transmutations
 * Level 5.3 Earth Magic


You couldn't memorise any spells.
You knew the following spells:

 Your Spells              Type           Power        Failure   Level  Hunger
a - Sandblast             Erth           ####..       1%          1    N/A
b - Passwall              Tmut/Erth      ###.....     4%          2    N/A
c - Stone Arrow           Conj/Erth      ###...       11%         3    N/A
d - Lee's Rapid Deconstr  Erth           ####......   34%         5    N/A
e - Petrify               Tmut/Erth      ###.....     32%         4    N/A

Your spell library contained the following spells:

 Spells                   Type           Power        Failure   Level  Hunger
 Death's Door             Chrm/Necr      #.........   100%        8    N/A
 Haunt                    Necr/Summ      #.........   100%        7    N/A
 Borgnjor's Revivificati  Necr           #.........   100%        8    N/A
 Necromutation            Tmut/Necr      #.........   100%        8    N/A
 Infestation              Necr           #.........   100%        8    N/A

Dungeon Overview and Level Annotations

Branches:
Dungeon (5/15)             Temple (1/1) D:4

Altars:
Cheibriados
Fedhas
Gozag
Hepliaklqana
Makhleb
Qazlal
Sif Muna
Uskayaw
Vehumet
Wu Jian
Zin
The Shining One

Annotations:
D:4 3 runed doors, Hebeh's ghost, novice DECj


Innate Abilities, Weirdness & Mutations

You do not eat or drink.
Your flesh is vulnerable to fire.
You are immune to poison.
Your flesh is cold resistant. (rC+)
You are immune to negative energy. (rN+++)
You are immune to unholy pain and torment.
You can survive without breathing.


Message History

Casting: Sandblast (safe; 1% risk of failure)
Confirm with . or Enter, or press ? or * to list all spells.
You can't see any susceptible monsters within range! (Use Z to cast anyway.)
Okay, then.
This spell is very dangerous to cast!
Memorise Lee's Rapid Deconstruction, consuming 5 spell levels and leaving 0?
You start memorising the spell.
You continue memorising. x5
You finish memorising.
Spell assigned to 'd'.
Items here: )) †† a giant spiked club x2; a leopard gecko corpse; an ogre corpse
t - a wand of random effects (28)
Items here: )) †† a giant spiked club x2; a leopard gecko corpse; an ogre corpse An orc comes into view.
It is wielding a mace.
Casting: Sandblast (safe; 1% risk of failure)
Confirm with . or Enter, or press ? or * to list all spells.
You can't see any susceptible monsters within range! (Use Z to cast anyway.)
Casting: Sandblast (safe; 1% risk of failure)
Confirm with . or Enter, or press ? or * to list all spells.
You can't see any susceptible monsters within range! (Use Z to cast anyway.)
Casting: Sandblast (safe; 1% risk of failure)
Confirm with . or Enter, or press ? or * to list all spells.
You can't see any susceptible monsters within range! (Use Z to cast anyway.)
Casting: Sandblast (safe; 1% risk of failure)
Confirm with . or Enter, or press ? or * to list all spells.
Aiming: Sandblast (safe; 1% risk of failure)
Press: ? - help, Shift-Dir - straight line, f - orc
Aim: an orc, wielding a mace The blast of sand hits the orc.
You kill the orc!
Vehumet accepts your kill.
You feel your power returning.
j - 47 stones
Casting: Sandblast (safe; 1% risk of failure)
Confirm with . or Enter, or press ? or * to list all spells.
You can't see any susceptible monsters within range! (Use Z to cast anyway.)
Casting: Sandblast (safe; 1% risk of failure)
Confirm with . or Enter, or press ? or * to list all spells.
You can't see any susceptible monsters within range! (Use Z to cast anyway.)
Things that are here:
a mace; an orc corpse An ogre comes into view.
It is wielding a giant club.
The ogre shouts!
An ogre is nearby!
Casting: Sandblast (safe; 1% risk of failure)
Confirm with . or Enter, or press ? or * to list all spells.
Aiming: Sandblast (safe; 1% risk of failure)
Press: ? - help, Shift-Dir - straight line, f - ogre
Aim: an ogre, wielding a giant club The blast of sand hits the ogre.
The ogre is heavily wounded.
j - 46 stones The ogre hits you with a giant club!!
Ouch! That really hurt!
* * * LOW HITPOINT WARNING * * *
Casting: Sandblast (safe; 1% risk of failure)
Confirm with . or Enter, or press ? or * to list all spells.
Aiming: Sandblast (safe; 1% risk of failure)
Press: ? - help, Shift-Dir - straight line, f/p - ogre
Aim: an ogre, wielding a giant club (heavily wounded)
The blast of sand misses the ogre.
j - 45 stones The ogre hits you with a giant club!!
You die...

# ♣♣..♣
♣.♣ .
♣♣.♣♣♣.♣
♣.♣...♣ .♣
♣.....♣♣
.. ♣♣
♣♣....)♣♣
♣.♣.♣
♣.♣♣...♣
...♣♣♣
♣.♣♣♣♣.♣
♣O♣.♣♣♣♣.♣
♣.♣
♣.@♣.♣♣.♣♣
♣♣.♣
♣..♣♣...♣♣
♣.♣♣ ♣.♣
♣♣♣♣♣ ♣♣.♣
♣.. ♣.♣♣
♣.♣ ♣♣.♣
♣. ♣.♣♣ ♣
♣♣♣♣♣.♣
♣.♣♣)♣♣
♣♣♣...♣♣


You could see an ogre.

Vanquished Creatures
  2 ogres (D:5)
  A hound (D:5)
  Jessica (D:3)
  A hound skeleton (D:5)
  6 adders
  5 worms
  3 dart slugs
  4 leopard geckos
  3 orcs
  11 bats
  5 giant cockroaches
  16 goblins
  9 hobgoblins
  10 jackals
  2 quokkas
  2 frilled lizards
  8 kobolds
  9 rats
98 creatures vanquished.

Notes
Turn   | Place    | Note
-------+----------+-------------------------------------------
     0 | D:1      | Amnesiac the Mummy Earth Elementalist began the quest for the Orb.
     0 | D:1      | Reached XP level 1. HP: 13/13 MP: 4/4
   272 | D:2      | Reached XP level 2. HP: 17/19 MP: 0/5
   328 | D:2      | Learned a level 2 spell: Passwall
   359 | D:2      | Found a hide-covered altar of Uskayaw.
   384 | D:2      | Found an ornate altar of the Wu Jian Council.
   761 | D:2      | Reached XP level 3. HP: 13/24 MP: 4/7
   766 | D:2      | Learned a level 3 spell: Stone Arrow
   904 | D:3      | Found a snail-covered altar of Cheibriados.
   904 | D:3      | Found a burning altar of Makhleb.
  1500 | D:3      | Noticed Jessica
  1504 | D:3      | Killed Jessica
  1504 | D:3      | Reached XP level 4. HP: 30/30 MP: 3/9
  1631 | D:3      | Found a deep blue altar of Sif Muna.
  1675 | D:4      | Found a hazy altar of Hepliaklqana.
  1675 | D:4      | Found a blossoming altar of Fedhas.
  1678 | D:4      | Found a glowing golden altar of the Shining One.
  1817 | D:4      | Found a glowing silver altar of Zin.
  1825 | D:5      | Entered Level 5 of the Dungeon
  1951 | D:4      | Found a staircase to the Ecumenical Temple.
  1957 | Temple   | Entered the Ecumenical Temple
  1968 | Temple   | Became a worshipper of Vehumet
  2273 | D:1      | Learned a level 4 spell: Petrify
  2363 | D:1      | Reached * piety under Vehumet
  2363 | D:1      | Offered knowledge of Sting by Vehumet.
  2672 | D:1      | Reached XP level 5. HP: 35/35 MP: 7/11
  3029 | D:2      | Offered knowledge of Throw Frost by Vehumet.
  3200 | D:3      | Reached ** piety under Vehumet
  3526 | D:4      | Found a stormy altar of Qazlal.
  3566 | D:4      | Found a runed gate.
  3569 | D:4      | Found an opulent altar of Gozag.
  3570 | D:4      | Found a runed gate.
  3570 | D:4      | Found a runed gate.
  3570 | D:4      | Noticed Hebeh's ghost (novice DECj)
  3570 | D:4      | Noticed a two-headed ogre
  3844 | D:4      | Noticed a fire elemental
  3847 | D:4      | Noticed an air elemental
  3847 | D:4      | Noticed a water elemental
  4239 | D:5      | Noticed an ogre
  4242 | D:5      | Noticed an ogre
  4245 | D:5      | Killed an ogre
  4245 | D:5      | Reached skill level 5 in Spellcasting
  4245 | D:5      | Reached skill level 5 in Earth Magic
  4245 | D:5      | Reached XP level 6. HP: 41/41 MP: 10/13
  4257 | D:5      | Learned a level 5 spell: Lee's Rapid Deconstruction
  4298 | D:5      | Slain by an ogre

Vault maps used:
D:1:      tarquinn_simple_flora_water_b
D:2:      eat_drink_and_be_merry_uskayaw, old_standard_altar
D:3:      marbit_many_paths, chequers_temple_overflow_statue_of_worship,
          hangedman_decor_opposing, mrwooster_statue_mirror, uniq_jessica
D:4:      nicolae_overflow_hidden_temple, zin_statuary,
          minmay_temple_entry_hall, ebering_ghost_gozag,
          nicolae_qazlal_style_of_elements
D:5:      kb_forest_paths, gammafunk_ghost_grave, first_ration
Temple:   nicolae_temple_figure_zero

Skill      XL: |  1  2  3  4  5 |
---------------+----------------+-----
Spellcasting   | 3 4 5 |  5.3
Earth Magic    | 3 4 5 |  5.3
Dodging        | |  1.5
Stealth        | |  1.5
Transmutations | |  0.7

Action                   |  1- 3 |  4- 6 || total
-------------------------+-------+-------++-------
Melee: Unarmed           |    20 |       ||    20
       Spear             |    91 |    85 ||   176
 Cast: Sandblast         |    39 |    76 ||   115
       Stone Arrow       |     2 |     5 ||     7
       Passwall          |       |     3 ||     3
  Use: Scroll            |     2 |     5 ||     7
 Stab: Sleeping          |     1 |     1 ||     2
Armor: Robe              |    22 |    29 ||    51
Dodge: Dodged            |    71 |    62 ||   133
Block: Other             |       |     4 ||     4

Table legend:
 A = Spawn XP
 B = Non-spawn XP
 C = Spawn XP percentage of total XP
 D = Spawn monster count
 E = Non-spawn monster count
 F = Spawn count percentage of total count
 G = Total turns spent on level
                    A         B        C        D         E        F      G
               +---------+---------+-------+---------+---------+-------+---------
         Total |       0 |     594 |   0.0 |       0 |      98 |   0.0 |  4298
               +---------+---------+-------+---------+---------+-------+---------
           D:1 |       0 |      58 |   0.0 |       0 |      31 |   0.0 |   679
           D:2 |       0 |      69 |   0.0 |       0 |      26 |   0.0 |  1282
           D:3 |       0 |     124 |   0.0 |       0 |      27 |   0.0 |  1150
           D:4 |       0 |      23 |   0.0 |       0 |       6 |   0.0 |   984
           D:5 |       0 |     320 |   0.0 |       0 |       8 |   0.0 |   182
               +---------+---------+-------+---------+---------+-------+---------
